 Dungeon Crawl Stone Soup version 0.18.1-48-g4cf74bf (webtiles) character file.

13097 GapingDragon the Martial Artist (level 11, -6/81 HPs)
             Began as a Demonspawn Monk on July 9, 2016.
             Was an Initiate of Gozag.
             Mangled by a hill giant
             ... wielding a +0 giant club
              (16 damage)
             ... on level 13 of the Dungeon.
             The game lasted 00:47:02 (12671 turns).

GapingDragon the Martial Artist (Demonspawn Monk)  Turns: 12671, Time: 00:47:03

Health: -6/81      AC: 15    Str: 12    XL:     11   Next: 71%
Magic:  11/11      EV: 14    Int: 18    God:    Gozag
Gold:   309        SH:  7    Dex: 20    Spells: 0 memorised, 10 levels left

rFire  . . .     SeeInvis +     L - +5 hand axe "Hell-Harrower" {freeze, MR++}
rCold  . . .     Gourm    .     s - +3 ring mail {rPois}
rNeg   + . .     Faith    .     w - +0 buckler
rPois  +         Spirit   .     G - +1 hat
rElec  .         Dismiss  .     a - +1 ratskin cloak {rPois rN+ Int-1 Dex-1}
rCorr  .         Reflect  +     (no gloves)
SustAt .         Harm     .     l - +0 pair of boots
MR     ++...                    E - +3 amulet of reflection
Stlth  ++........               d - +5 ring of intelligence
                                n - ring of see invisible

@: agile, gold aura, very slightly contaminated, hasted, very heavily drained,
very quick, very resistant to hostile enchantments, unstealthy
A: claws 1, thin metallic scales 2, poison resistance, powered by death 2, wild
magic 1, sturdy frame 1
a: Potion Petition, Call Merchant, Bribe Branch, Renounce Religion


You were on level 13 of the Dungeon.
You worshipped Gozag.
Gozag was noncommittal.
You were not hungry.

You visited 3 branches of the dungeon, and saw 15 of its levels.
You also visited: Ossuary.

You collected 2162 gold pieces.
You spent 197 gold pieces at shops.
You paid 1656 gold pieces to Gozag.

Inventory:

Hand Weapons
 L - the +5 hand axe "Hell-Harrower" (weapon) {freeze, MR++}
   (You found it on level 1 of the Lair of Beasts)

   It has been specially enchanted to freeze those struck by it, causing extra
   injury to most foes and up to half again as much damage against particularly
   susceptible opponents.
   It can also slow down cold-blooded creatures.
   It affects your resistance to hostile enchantments.
Armour
 a - the +1 ratskin cloak (worn) {rPois rN+ Int-1 Dex-1}
   (You acquired it on level 13 of the Dungeon)

   It affects your intelligence (-1).
   It affects your dexterity (-1).
   It protects you from poison.
   It protects you from negative energy.
 e - a +3 ring mail
 i - a +3 scale mail
 l - a +0 pair of boots (worn)
 s - a +3 ring mail of poison resistance (worn)
 w - a +0 buckler (worn)
 G - a +1 hat (worn)
Magical Staves
 q - an uncursed staff of poison
 F - an uncursed staff of wizardry
Jewellery
 d - a +5 ring of intelligence (right claw)
 n - a ring of see invisible (left claw)
 o - an uncursed ring of magical power
 x - an uncursed ring of ice
 E - a +3 amulet of reflection (around neck)
Wands
 c - a wand of confusion (29/48)
 p - a wand of confusion (46/48)
 y - a wand of iceblast (7/15)
 D - a wand of lightning (0/15)
 J - a wand of disintegration (7/24)
Scrolls
 f - 2 scrolls of magic mapping
 h - 7 scrolls of remove curse
 j - a scroll of fog
 u - 2 scrolls of amnesia
 B - 4 scrolls of enchant weapon
 H - a scroll of recharging
Potions
 g - a potion of cancellation
 k - a potion of agility
 m - 2 potions of cure mutation
 r - 5 potions of curing
 t - a potion of haste
 z - a potion of resistance
 A - a potion of lignification
 I - a potion of magic
Books
 v - a book of Flames

   Spells                             Type                      Level
   a - Flame Tongue                   Conjuration/Fire             1
   b - Throw Flame                    Conjuration/Fire             2
   c - Conjure Flame                  Conjuration/Fire             3
   d - Inner Flame                    Hexes/Fire                   3
   e - Sticky Flame                   Conjuration/Fire             4
   f - Fireball                       Conjuration/Fire             5
Miscellaneous
 K - a phial of floods (inert)
Comestibles
 b - 2 bread rations
 C - 22 fruits


   Skills:
 - Level 6.1(0.0) Fighting
 + Level 5.6(0.0) Armour
 - Level 10.0(0.0) Dodging
 - Level 1.7(0.0) Stealth
 + Level 12.6(0.0) Unarmed Combat


You had 10 spell levels left.
You didn't know any spells.

Dungeon Overview and Level Annotations

Branches:
Dungeon (13/15)            Temple (1/1) D:4            Lair (1/8) D:10
    Orc: D:9-12      Vaults: D:13-14

Altars:
Ashenzari
Cheibriados
Dithmenos
Elyvilon
Fedhas
Gozag
Kikubaaqudgha
Makhleb
Nemelex Xobeh
Okawaru
Pakellas
Qazlal
Ru
Sif Muna
Trog
Vehumet
Xom
Yredelemnul
Zin
The Shining One

Shops:
D:6 =   D:7 }   D:10 ?[   D:11 *

Annotations:
D:5 Prince Ribbit
D:6 shield & +3 reflect amulets shop
D:8 Psyche


Innate Abilities, Weirdness & Mutations

You have sharp fingernails.
You are mostly covered in thin metallic scales (AC +3).
You regenerate health from kills.
Your system is resistant to poisons.
Your spells are a little harder to cast, but a little more powerful.
Your movements are slightly less encumbered by armour (ER -2).


Message History

The deep elf mage conjures a globe of magical energy!
The crocodile bites you but does no damage.
The hill giant hits you with a giant club!
* * * LOW HITPOINT WARNING * * *
You are very lightly contaminated with residual magic.
A battlesphere comes into view.
You hit the crocodile.
The crocodile seems to slow down.
You freeze the crocodile.
The crocodile is almost dead.
You hit the hill giant. You freeze the hill giant.
The hill giant is lightly wounded.
You block the crocodile's attack.
You hit the crocodile.
The crocodile seems to slow down.
You freeze the crocodile.
You kill the crocodile!
You hit the hill giant. You freeze the hill giant.
The hill giant is moderately wounded.
The hill giant hits you with a giant club!
You die...
Your body crumbles into a pile of gold.

###.#**,,,******,*****,
#...####,**## *,** *,
#.###..,,,..#***,,****,
#.# #.#*,....,,,,$,,,,,
#.###.##..#,*,,,**,,,,,
#.........#,*,,****,,,,
#.###Q###.#,,.#* **,,,
#.# #C##p.#*..## ***'*
#.# #.@$O..e...##**,,,,
#.# ####C###...(##,*,,,
#.# #.# *#....#,,,,,
#.######.####....',,,∩,
#................#,,,,,
#.########......#*,*,,,
##.# ####..##**,,,,
#..# #.## ***'# #.##
#.## **...


You could see a vault guard, 2 hill giants, a tengu warrior, a deep elf mage, a
two-headed ogre and a battlesphere.

Vanquished Creatures
  Erolcha (D:11)
  Erica (D:8)
  Sonja (D:11)
  The ghost of GapingDragon the Basher, a novice OgGl (D:6)
  2 ugly things (D:11)
  Joseph (D:10)
  A spiny frog (Lair:1)
  A kobold demonologist (D:12)
  A troll (D:11)
  2 two-headed ogres
  2 blink frogs (Lair:1)
  2 wyverns (D:9)
  4 yaks
  A basilisk (D:11)
  A vampire mosquito (D:13)
  10 orc warriors
  3 sky beasts
  An eye of draining (D:9)
  2 phantoms
  5 ogres
  4 necrophages (D:11)
  3 centaurs
  3 big kobolds
  4 crocodiles
  5 giant frogs
  A gnoll sergeant (D:9)
  2 wyvern zombies
  2 wyvern skeletons
  4 scorpions
  8 wights
  6 howler monkeys
  4 crimson imps
  5 centaur zombies
  2 giant frog zombies
  3 jellies
  3 hounds
  A centaur skeleton (D:4)
  9 orc priests
  A giant frog skeleton (D:11)
  8 orc wizards
  5 iguanas
  6 worker ants
  3 big kobold zombies (Ossuary)
  A hound zombie (D:11)
  A hound skeleton (D:7)
  2 mummies (Ossuary)
  4 worker ant zombies
  5 gnolls (D:9)
  A howler monkey skeleton (D:8)
  16 adders
  3 shadow imps
  2 adder zombies
  2 worms (D:2)
  A dart slug (D:1)
  6 giant geckos
  45 orcs
  2 ball pythons
  7 giant cockroaches
  11 goblins
  11 hobgoblins
  11 jackals
  3 quokkas
  15 bats
  A giant gecko skeleton (D:4)
  A giant gecko zombie (D:6)
  A giant newt (D:2)
  13 hobgoblin zombies (Ossuary)
  2 jackal skeletons
  3 jackal zombies
  36 kobolds
  8 kobold zombies (Ossuary)
  6 orc zombies (Ossuary)
  A quokka zombie (D:5)
  6 rats
  2 rat zombies (Ossuary)
  3 plants (D:10)
367 creatures vanquished.

Vanquished Creatures (collateral kills)
  A spiny frog (D:10)
1 creature vanquished.

Vanquished Creatures (others)
  12 plants (D:6)
12 creatures vanquished.

Grand Total: 380 creatures vanquished

Notes
Turn   | Place    | Note
--------------------------------------------------------------
     0 | D:1      | GapingDragon the Demonspawn Monk began the quest for the Orb.
     0 | D:1      | Reached XP level 1. HP: 18/18 MP: 1/1
    90 | D:1      | Reached skill level 4 in Unarmed Combat
   106 | D:1      | Gained mutation: You have sharp fingernails. [demonic ancestry]
   106 | D:1      | Reached XP level 2. HP: 17/24 MP: 2/2
   530 | D:1      | Gained mutation: You regenerate a little health from kills. [demonic ancestry]
   530 | D:1      | Reached XP level 3. HP: 23/29 MP: 3/3
   894 | D:2      | Found a bloodstained altar of Trog.
  1050 | D:2      | Found a deep blue altar of Sif Muna.
  1075 | D:2      | Reached skill level 5 in Unarmed Combat
  1235 | D:2      | Gained mutation: You are partially covered in thin metallic scales (AC +2). [demonic ancestry]
  1235 | D:2      | Reached XP level 4. HP: 29/35 MP: 4/4
  1766 | D:2      | Found a blossoming altar of Fedhas.
  1768 | D:2      | Found a snail-covered altar of Cheibriados.
  2112 | D:3      | Reached XP level 5. HP: 35/41 MP: 5/5
  2676 | D:4      | Reached XP level 6. HP: 42/47 MP: 6/6
  2899 | D:4      | Reached skill level 6 in Unarmed Combat
  3021 | D:4      | Found a staircase to the Ecumenical Temple.
  3028 | Temple   | Entered the Ecumenical Temple
  3453 | D:5      | Entered Level 5 of the Dungeon
  3457 | D:5      | Found a sand-covered staircase.
  3470 | Ossuary  | Entered an ossuary
  3794 | D:5      | Reached XP level 7. HP: 44/52 MP: 7/7
  3926 | D:5      | Noticed Prince Ribbit
  4108 | D:5      | Found an opulent altar of Gozag.
  4131 | D:5      | Became a worshipper of Gozag Ym Sagoz the Greedy
  4159 | D:5      | Reached skill level 5 in Dodging
  4160 | D:5      | HP: 2/52 [Prince Ribbit (15)]
  4393 | D:6      | Found a burning altar of Makhleb.
  4398 | D:6      | Found a glowing silver altar of Zin.
  4398 | D:6      | Noticed a balrug
  4399 | D:6      | Noticed an angel
  4551 | D:6      | Found an iron altar of Okawaru.
  4578 | D:6      | Found Adev's Jewellery Shoppe.
  4703 | D:6      | Reached skill level 7 in Unarmed Combat
  4755 | D:6      | Noticed GapingDragon's ghost (novice OgGl)
  4801 | D:6      | Killed GapingDragon's ghost
  4801 | D:6      | Gained mutation: You are mostly covered in thin metallic scales (AC +3). [demonic ancestry]
  4801 | D:6      | Reached XP level 8. HP: 47/60 MP: 8/8
  6087 | D:5      | Reached skill level 8 in Unarmed Combat
  6116 | D:5      | Reached skill level 5 in Fighting
  6424 | D:7      | Found a white marble altar of Elyvilon.
  6534 | D:7      | Found Vuesm's Gadget Boutique.
  6549 | D:7      | Reached XP level 9. HP: 62/69 MP: 9/9
  6792 | D:7      | Reached skill level 9 in Unarmed Combat
  7210 | D:8      | Noticed Psyche
  7547 | D:8      | Found a blossoming altar of Fedhas.
  7944 | D:8      | Noticed Erica
  7980 | D:8      | Killed Erica
  7980 | D:8      | Reached skill level 10 in Unarmed Combat
  8033 | D:8      | Found an ancient bone altar of Kikubaaqudgha.
  8120 | D:10     | Entered Level 10 of the Dungeon
  8151 | D:10     | Gained mutation: You regenerate health from kills. [demonic ancestry]
  8151 | D:10     | Reached XP level 10. HP: 44/76 MP: 10/10
  8469 | D:9      | Found a shattered altar of Ashenzari.
  8469 | D:9      | Found a radiant altar of Vehumet.
  9091 | D:10     | Noticed Joseph
  9130 | D:10     | Killed Joseph
  9130 | D:10     | Reached skill level 11 in Unarmed Combat
  9191 | D:10     | Found a staircase to the Lair.
  9356 | D:10     | Found Oginiont's Magic Scroll Shop.
  9469 | D:10     | Found Kuadyimy's Armour Shoppe.
  9688 | D:10     | Found a deep blue altar of Sif Muna.
  9706 | D:10     | Noticed a hill giant
  9833 | D:11     | Found Kimmipo's Assorted Antiques.
  9842 | D:11     | Bought a scroll labeled QAQIWI DISY for 25 gold pieces
  9842 | D:11     | Bought an embroidered hat for 100 gold pieces
  9842 | D:11     | Bought 2 scrolls labeled KUEFIP DIOMMO for 50 gold pieces
  9842 | D:11     | Bought a glowing emerald potion for 22 gold pieces
  9955 | D:11     | Reached skill level 10 in Dodging
 10073 | D:11     | Noticed a green ugly thing
 10086 | D:11     | Killed a green ugly thing
 10086 | D:11     | Reached skill level 1 in Armour
 10086 | D:11     | Reached XP level 11. HP: 66/81 MP: 11/11
 10291 | D:11     | Noticed a brown ugly thing
 10292 | D:11     | Noticed Erolcha
 10302 | D:11     | Killed a brown ugly thing
 10330 | D:11     | Killed Erolcha
 10330 | D:11     | Reached skill level 12 in Unarmed Combat
 10384 | D:11     | Noticed Sonja
 10611 | Lair:1   | Entered Level 1 of the Lair of Beasts
 10884 | Lair:1   | Got a translucent hand axe
 10885 | Lair:1   | Identified the +5 hand axe "Hell-Harrower" {freeze, MR++} (You found it on level 1 of the Lair of Beasts)
 11726 | D:11     | Killed Sonja
 11911 | D:12     | Reached skill level 5 in Armour
 11941 | D:12     | Found an oddly glowing altar of Pakellas.
 12308 | D:13     | Gained mutation: Your spells are a little harder to cast, but a little more powerful. [potion of mutation]
 12308 | D:13     | Gained mutation: Your system is resistant to poisons. [potion of mutation]
 12308 | D:13     | Gained mutation: Your movements are slightly less encumbered by armour (ER -2). [potion of mutation]
 12386 | D:12     | HP: 4/81 [vampire mosquito (6)]
 12554 | D:13     | Identified a scroll of acquirement
 12615 | D:13     | Noticed a vault guard
 12651 | D:13     | Noticed a tengu warrior
 12656 | D:13     | Noticed a hill giant
 12665 | D:13     | Noticed a vault guard
 12667 | D:13     | Noticed a hill giant
 12669 | D:13     | Noticed a deep elf mage
 12671 | D:13     | Mangled by a hill giant

Skill      XL: |  1  2  3  4  5  6  7  8  9 10 11 |
---------------+----------------------------------+-----
Unarmed Combat | 4 5 6 7 8 10 11 12 | 12.6
Dodging        | 3 4 5 6 8 10 | 10.0
Fighting       | 6 |  6.1
Armour         | 1 5 |  5.6
Stealth        | |  1.7

Action                   |  1- 3 |  4- 6 |  7- 9 | 10-12 || total
-------------------------+-------+-------+-------+-------++-------
Melee: Unarmed           |   142 |   329 |   568 |   586 ||  1625
       Punch             |     2 |    12 |       |       ||    14
       Hand axe          |       |       |       |   188 ||   188
Invok: Potion Petition   |       |       |     2 |     3 ||     5
Evoke: Wand              |       |       |     8 |     1 ||     9
       Phial of floods   |       |       |       |     1 ||     1
  Use: Potion            |     2 |       |     5 |     8 ||    15
       Scroll            |     5 |    10 |     4 |    11 ||    30
 Stab: Sleeping          |     6 |     1 |     2 |       ||     9
       Invisible         |       |       |     7 |       ||     7
       Distracted        |       |       |       |     6 ||     6
  Eat: Chunk             |     1 |     6 |     5 |       ||    12
       Pizza             |       |     1 |       |       ||     1
       Fruit             |       |       |     3 |     1 ||     4
       Beef jerky        |       |       |     3 |       ||     3
       Meat ration       |       |       |     1 |     1 ||     2
       Bread ration      |       |       |       |     3 ||     3
Armor: Robe              |    23 |     3 |       |       ||    26
       Ring mail         |       |   118 |   206 |   329 ||   653
       Scale mail        |       |    17 |       |       ||    17
Dodge: Dodged            |    86 |   229 |   312 |   426 ||  1053
Block: Buckler           |       |       |    76 |   206 ||   282
       Reflection        |       |       |       |     2 ||     2
